 Dungeon Crawl Stone Soup version 0.20-a0-903-g7e3609c (webtiles) character file.

2227 memeslayer420 the Grappler (level 9, -3/75 HPs)
             Began as a Troll Monk on Mar 20, 2017.
             Was a Priest of Hepliaklqana.
             Slain by a wyvern zombie (8 damage)
             ... on level 8 of the Dungeon.
             The game lasted 00:15:51 (5492 turns).

memeslayer420 the Grappler (Troll Monk)             Turns: 5492, Time: 00:15:51

Health: -3/75      AC:  8    Str: 21    XL:     9   Next: 14%
Magic:  10/10      EV: 10    Int:  9    God:    Hepliaklqana [***...]
Gold:   352        SH:  0    Dex: 12    Spells: 8/8 levels left

rFire    . . .     SeeInvis .     - Unarmed
rCold    . . .     Gourm    +   a - +0 robe
rNeg     . . .     Faith    .   (no shield)
rPois    .         Spirit   .   (helmet restricted)
rElec    .         Reflect  .   t - +2 cloak
rCorr    .         Harm     .   (gloves unavailable)
MR       .....                  (boots unavailable)
Stlth    +.........             (no amulet)
Regen    0.7/turn               (no ring)
MPRegen  0.2/turn               (no ring)

@: lethally poisoned (-3 -> -10), heavily drained
A: unfitting armour, reduced essence, claws 3, fast metabolism 3, gourmand,
regeneration 1, shaggy fur 1, tough skin 2
a: Recall Ancestor, Ancestor Identity, Transference, Renounce Religion


You were on level 8 of the Dungeon.
You worshipped Hepliaklqana.
Hepliaklqana was most pleased with you.
You were not hungry.

You visited 2 branches of the dungeon, and saw 9 of its levels.

You collected 352 gold pieces.

Inventory:

Armour
 a - a +0 robe (worn)
 t - a +2 cloak (worn)
Jewellery
 w - an uncursed ring of fire
Wands
 B - a wand of flame (25/48)
Scrolls
 d - 6 scrolls of identify {unknown}
 h - a scroll of magic mapping {unknown}
 j - 2 scrolls of amnesia {unknown}
 k - 4 scrolls of remove curse
 q - a scroll of enchant armour {unknown}
 r - 2 scrolls of enchant weapon {unknown}
 s - a scroll of random uselessness {unknown}
 x - 3 scrolls of blinking {unknown}
 y - 3 scrolls of teleportation {unknown}
 z - a scroll of torment {unknown}
Potions
 c - a potion of degeneration {unknown}
 e - a potion of agility
 g - a potion of might {unknown}
 l - 2 potions of heal wounds
 m - 2 potions of brilliance {unknown}
 n - a potion of lignification {unknown}
 o - a potion of berserk rage {unknown}
 p - a potion of curing {unknown}
 v - 2 potions of mutation {unknown}
Comestibles
 b - 5 bread rations
 f - 3 royal jellies
 i - 4 meat rations
 u - 9 fruits


   Skills:
 + Level 3.8(2.1) Fighting
 + Level 2.8(1.2) Armour
 + Level 4.2(2.5) Dodging
 - Level 1.0(0.0) Stealth
 + Level 9.7(7.7) Unarmed Combat
 + Level 3.4(1.7) Invocations


You had 8 spell levels left.
You didn't know any spells.

Dungeon Overview and Level Annotations

Branches:
Dungeon (8/15)             Temple (1/1) D:5
   Lair: D:8-11

Altars:
Ashenzari
Cheibriados
Dithmenos
Elyvilon
Fedhas
Gozag
Hepliaklqana
Kikubaaqudgha
Makhleb
Nemelex Xobeh
Okawaru
Qazlal
Ru
Sif Muna
Trog
Uskayaw
Vehumet
Wu Jian
Xom
Yredelemnul
Zin
The Shining One

Shops:
D:7 [


Innate Abilities, Weirdness & Mutations

You are too large for most types of armour.
You have claws for hands.
Your metabolism is lightning-fast.
You like to eat raw meat.
Your natural rate of healing is unusually fast.
You are covered in fur. (AC +1)
You have very tough skin. (AC +2)
Your life essence is reduced. (-10% HP)


Message History

The wyvern zombie is lightly damaged.
You feel sick. The wyvern zombie closely misses you.
Niggerslave casts a spell at the wight.
The wight appears confused.
The wyvern zombie closely misses you.
You mangle the wyvern zombie!!
The wyvern zombie is severely damaged.
You feel sick. The wight barely misses you.
The phantom hits you but does no damage.
The wyvern zombie bites you.
Niggerslave casts a spell at the wight.
The wight seems to slow down.
You barely miss the wyvern zombie.
The wyvern zombie is severely damaged.
You feel sick.
The wight hits you from afar with a halberd of freezing!
* * * LOW HITPOINT WARNING * * *
You feel drained. The wight freezes you!
* * * LOW HITPOINT WARNING * * *
The wyvern zombie bites you!
You die...

#.........
#....%....
#.........
#.........
##.........
#####...z......
#....†Z........
#....W@<.......
#.z..R.)...####
####..[#####
#####


You could see the friendly niggerslave the hexer, a phantom, 2 wights and a
wyvern zombie.

Vanquished Creatures
  A hungry ghost (D:7)
  A water moccasin (D:6)
  An ice beast (D:5)
  2 ogres
  A centaur (D:4)
  A bullfrog (D:6)
  4 scorpions
  7 wights
  4 crimson imps
  A hound (D:4)
  A quasit (D:5)
  3 orc priests (D:6)
  5 orc wizards
  A centaur skeleton (D:5)
  An iguana (D:7)
  Terence (D:3)
  4 worker ants
  A hound zombie (D:6)
  Robin (D:3)
  13 gnolls
  6 adders
  2 shadow imps
  An adder zombie (D:6)
  An adder skeleton (D:4)
  4 worms
  3 dart slugs
  5 leopard geckos
  14 orcs
  5 ball pythons
  6 bats
  8 giant cockroaches
  18 goblins
  5 hobgoblins
  6 jackals (D:4)
  12 kobolds
  A quokka (D:4)
  4 frilled lizards
  A giant cockroach zombie (D:5)
  A leopard gecko skeleton (D:4)
  A quokka skeleton (D:7)
  12 rats
  A fungus (D:1)
171 creatures vanquished.

Vanquished Creatures (collateral kills)
  An orc warrior (D:6)
  An orc priest (D:6)
  An adder (D:6)
  An orc (D:6)
  A leopard gecko skeleton (D:6)
5 creatures vanquished.

Grand Total: 176 creatures vanquished

Notes
Turn   | Place    | Note
-------+----------+-------------------------------------------
     0 | D:1      | memeslayer420 the Troll Monk began the quest for the Orb.
     0 | D:1      | Reached XP level 1. HP: 22/22 MP: 0/0
   201 | D:1      | Reached XP level 2. HP: 29/29 MP: 1/1
   317 | D:1      | Reached skill level 4 in Unarmed Combat
   325 | D:1      | Reached XP level 3. HP: 36/36 MP: 2/2
  1061 | D:2      | Reached XP level 4. HP: 42/44 MP: 3/3
  1076 | D:2      | Reached skill level 5 in Unarmed Combat
  1478 | D:2      | Reached XP level 5. HP: 42/50 MP: 4/4
  1678 | D:3      | Reached skill level 6 in Unarmed Combat
  1985 | D:3      | Noticed Robin
  1997 | D:3      | Killed Robin
  2077 | D:3      | Noticed Terence
  2086 | D:3      | Killed Terence
  2395 | D:4      | Found an opulent altar of Gozag.
  2417 | D:4      | Reached XP level 6. HP: 57/59 MP: 5/5
  2457 | D:4      | Reached skill level 7 in Unarmed Combat
  2515 | D:4      | Found a shattered altar of Ashenzari.
  2635 | D:4      | Reached skill level 8 in Unarmed Combat
  2826 | D:5      | Entered Level 5 of the Dungeon
  2899 | D:5      | Reached XP level 7. HP: 65/66 MP: 6/6
  3081 | D:5      | Found a staircase to the Ecumenical Temple.
  3088 | Temple   | Entered the Ecumenical Temple
  3261 | Temple   | Became a worshipper of Hepliaklqana the Forgotten
  3261 | Temple   | Reached * piety under Hepliaklqana
  3261 | Temple   | Reached ** piety under Hepliaklqana
  3262 | Temple   | Remembered your ancestor niggerslave as a hexer
  3345 | D:5      | Reached skill level 9 in Unarmed Combat
  3371 | D:5      | Found a sacrificial altar of Ru.
  3605 | D:6      | Reached skill level 1 in Invocations
  3766 | D:6      | Reached skill level 1 in Armour
  3766 | D:6      | Reached XP level 8. HP: 62/66 MP: 6/8
  3771 | D:6      | Found a blossoming altar of Fedhas.
  4431 | D:6      | Found a stormy altar of Qazlal.
  4505 | D:6      | Reached *** piety under Hepliaklqana
  4985 | D:7      | Found a stormy altar of Qazlal.
  5133 | D:7      | Found Zearpheikh's Antique Armour Emporium.
  5447 | D:7      | Reached XP level 9. HP: 70/74 MP: 10/10
  5474 | D:8      | Found a shimmering altar of Xom.
  5492 | D:8      | Slain by a wyvern zombie

Vault maps used:
D:1:      evilmike_arrival_rings, minmay_shallow_snake_nest
D:2:      first_bread, minmay_tetromino_o4
D:3:      lemuel_old_faithful, uniq_terence, uniq_robin
D:4:      ashenzari_conservatory_becter, grunt_gozag_statues, hex_tiny,
          grunt_ministairs_2
D:5:      lemuel_round_altar, minmay_temple_entry_junction_2,
          saegor_snake_ambush
D:6:      fedhas_altar_1, grunt_qazlal_clouds
D:7:      basic_altar, serial_shops, shop
D:8:      brannock_xom_greatest_gift, serial_shops, shop,
          hangedman_pestilent_swarm, grunt_decor_one_mirror, uniq_grum,
          uniq_maurice, uniq_joseph, uniq_erica
Temple:   regret_index_temple_sphere_string

Skill      XL: |  1  2  3  4  5  6  7  8 |
---------------+-------------------------+-----
Unarmed Combat | 4 5 6 8 9 |  9.7
Invocations    | 1 3 |  3.4
Armour         | 1 2 |  2.8
Dodging        | 4 |  4.2
Fighting       | 3 |  3.8
Stealth        | |  1.0

Action                   |  1- 3 |  4- 6 |  7- 9 || total
-------------------------+-------+-------+-------++-------
Melee: Unarmed           |    75 |   206 |   177 ||   458
       Punch             |     1 |     2 |     3 ||     6
Invok: Ancestor Life: He |       |       |     1 ||     1
       Ancestor Identity |       |       |     1 ||     1
  Use: Scroll            |     3 |       |       ||     3
       Potion            |       |       |     3 ||     3
 Stab: Sleeping          |     3 |     3 |     3 ||     9
  Eat: Chunk             |    15 |    14 |    27 ||    56
Armor: Robe              |    21 |    63 |    44 ||   128
Dodge: Dodged            |    39 |    85 |    94 ||   218
